 Dungeon Crawl Stone Soup version 0.29-a0-96-g93358da72b (webtiles) character file.

Game seed: 15834707846385587063

93 cyrus the Covered (level 4, -3/37 HPs)
             Began as a Formicid Fighter on Feb 11, 2022.
             Succumbed to an orc's poison
             ... on level 3 of the Dungeon.
             The game lasted 00:05:01 (3340 turns).

cyrus the Covered (Formicid Fighter)                Turns: 3340, Time: 00:05:02

Health: -3/37      AC: 11    Str: 20    XL:     4   Next: 91%
Magic:  4/4        EV:  5    Int: 10    God:
Gold:   120        SH:  4    Dex: 10    Spells: 3/3 levels left

rFire   . . .      SeeInvis +   a - +0 war axe
rCold   . . .      Faith    .   c - +0 buckler
rNeg    . . .      Spirit   .   k - +0 plate armour
rPois   .          Reflect  .   (helmet unavailable)
rElec   .          Harm     .   (no cloak)
rCorr   .          Rampage  .   (no gloves)
Will    .....                   (no boots)
Stlth   ..........              (no amulet)
HPRegen 0.12/turn               (no ring)
MPRegen 0.09/turn               (no ring)

@: mighty, lethally poisoned (-3 -> -17)
A: permanent stasis, dig shafts and tunnels, antennae 3, four strong arms
a: Dig, Shaft Self


You were on level 3 of the Dungeon.
You visited 1 branch of the dungeon, and saw 3 of its levels.

You collected 120 gold pieces.

Inventory:

Hand Weapons
 a - a +0 war axe (weapon)
 g - the +4 hunting sling "Byvurec" {flame, Fragile rElec Dex+3 SInv}
   (You found it on level 2 of the Dungeon)

   Any ammunition fired from it burns those it strikes, dealing additional fire
   damage.
   Dex:       It affects your dexterity (+3).
   rElec:     It insulates you from electricity.
   SInv:      It lets you see invisible.
   Fragile:   It will be destroyed if unequipped.
Missiles
 l - 3 poisoned darts (quivered)
Armour
 b - a +0 scale mail
 c - a +0 buckler (worn)
 k - a +0 plate armour (worn)
Jewellery
 o - a +6 ring of strength
Wands
 m - a wand of acid (9)
Scrolls
 e - 2 scrolls of teleportation {unknown}
 f - a scroll of identify {unknown}
 h - a scroll of vulnerability {unknown}
 n - a scroll of silence {unknown}
Potions
 i - a potion of lignification {unknown}
 j - 2 potions of curing {unknown}


   Skills:
 + Level 4.0 Fighting
 + Level 3.1 Axes
 + Level 4.0 Armour
 + Level 0.5 Dodging
 + Level 0.4 Stealth
 + Level 4.0 Shields


You had 3 spell levels left.
You didn't know any spells.
Your spell library contained the following spells:

 Spells                   Type           Power      Damage    Failure   Level
 Animate Dead             Necr           0%         N/A       100%        4
 Haunt                    Necr/Summ      0%         N/A       100%        7
 Infestation              Necr           0%         N/A       100%        8


Dungeon Overview and Level Annotations

Branches:
Dungeon (3/15)

Altars:


Innate Abilities, Weirdness & Mutations

You cannot be hasted, slowed, berserked, paralysed or teleported.
You can dig through walls and to a lower floor.
You have a pair of large antennae on your head. (SInv)
Your four strong arms can wield two-handed weapons with a shield.


Message History

The quokka is moderately wounded.
The quokka bites you but does no damage.
The quokka bites you.
You slash the quokka!
You kill the quokka!
You now have 120 gold pieces (gained 15). 2 orcs and an orc priest come into view.
An orc is wielding a +2 dagger of venom.
The orc shouts!
The orc priest shouts!
You hear a shout!
The orc priest calls down the wrath of Beogh upon you.
Beogh smites you!
The orc moves out of view.
You hear a shout!
There are monsters nearby!
You hear a shout!
An orc comes into view. It is wielding a +0 hand axe.
You barely miss the orc. You block the orc's attack.
You closely miss the orc.
A bat comes into view.
An orc comes into view. It is wielding a +0 whip.
The orc hits you with a +0 falchion.
You barely miss the orc. You hit the orc. The orc hits you with a +0 falchion.
The orc barely misses you.
You closely miss the orc. You hit the orc.
You kill the orc!
The orc priest calls down the wrath of Beogh upon you.
Beogh smites you!
* * * LOW HITPOINT WARNING * * *
You barely miss the orc priest. You hit the orc.
The orc hits you but does no damage.
You are lethally poisoned!
The orc priest looks braver for a moment.
The orc hits you but does no damage.
You are more poisoned.
You feel very mighty all of a sudden.
* * * LOW HITPOINT WARNING * * *
You feel very sick. The orc priest closely misses you.
The orc barely misses you.
A hobgoblin comes into view.
You closely miss the orc priest. You closely miss the orc.
You die...

............#.# #
#.............#
#.#.....###.###
......#.# #...
.#.###.#.# #.###
....##.#.###.#
.............#
#..######.#.###.#
#..oboo@#.#.# #.
..g####o#.#.###
#.#.....#
#.#.#.#.#
#.#.#...# {
#.#.#.### #.#.#.#
#.#.#.. .... ..
#.#.### ...###..


You could see an orc priest, 3 orcs, a hobgoblin and a bat.

Vanquished Creatures
  3 adders (D:2)
  A worm (D:2)
  A dart slug (D:2)
  2 orcs (D:3)
  8 endoplasms
  3 giant cockroaches
  5 goblins
  6 hobgoblins
  11 kobolds
  5 quokkas
  4 ball pythons
  A bat (D:1)
  A frilled lizard (D:1)
  A rat (D:3)
52 creatures vanquished.

Notes
Turn   | Place    | Note
-------+----------+-------------------------------------------
     0 | D:1      | cyrus the Formicid Fighter began the quest for the Orb.
     0 | D:1      | Reached XP level 1. HP: 18/18 MP: 1/1
   287 | D:1      | Reached XP level 2. HP: 8/24 MP: 2/2
  1273 | D:1      | Reached XP level 3. HP: 27/29 MP: 3/3
  1670 | D:2      | Identified the +4 hunting sling "Byvurec" {flame, Fragile
                  | rElec Dex+3 SInv}
  1697 | D:2      | Reached XP level 4. HP: 19/37 MP: 4/4
  3339 | D:3      | HP: 1/37 [poisoned by an orc]
  3340 | D:3      | Succumbed to an orc's poison

Illustrated notes

Levels and vault maps discovered:
D:1:      lemuel_arrival_cross, layout_basic,
          wander_ebering_terrifying_dragon_lair
D:2:      layout_loops_ring, minmay_between
D:3:      layout_basic, kennysheep_potato

Skill      XL: |  1  2  3  4 |
---------------+-------------+-----
Armour         | 4 |  4.0
Axes           | 3 |  3.1
Fighting       | 4 |  4.0
Shields        | 4 |  4.0
Dodging        | |  0.5
Stealth        | |  0.4

Action                   |  1- 3 |  4- 6 || total
-------------------------+-------+-------++-------
Melee: War axe           |    81 |    85 ||   166
  Use: Potion            |       |     1 ||     1
Armor: Scale mail        |    57 |    16 ||    73
       Plate armour      |       |    33 ||    33
Dodge: Dodged            |    48 |    17 ||    65
Block: Buckler           |    19 |    15 ||    34

Table legend: (Time is in decaauts)
 A = Elapsed time spent in this place.
 B = Non-inter-level travel time spent in this place.
 C = Inter-level travel time spent in this place.
 D = Time resting spent in this place.
 E = Time spent auto-exploring this place.
 F = Levels seen in this place.
 G = Mean time per level.
                   A        B        C        D        E       F      G
               +--------+--------+--------+--------+--------+-----+--------+
         Total |   3407 |   3343 |     64 |    770 |   1973 |   3 | 1135.7 |
       Dungeon |   3407 |   3343 |     64 |    770 |   1973 |   3 | 1135.7 |
               +--------+--------+--------+--------+--------+-----+--------+

Top non-repeatable levels by time:
     D:2: 1553 daAuts
     D:1: 1475 daAuts
     D:3: 378 daAuts
